IL
COLUMBUS CLIPPERS @ LOUISVILLE STALLIONS
04/25/1982
 
TOP OF THE 1ST
Columbus Clippers batting - Pitching for Louisville Stallions : RHP Jerry Ujdur
Pitching: RHP Jerry Ujdur
Batting: SHB Curt Wilkerson 0-0: Ball
1-0: Ball
2-0: Called Strike
2-1: Foul Ball, location: 2F
2-2: Ground out 6-3 (Groundball, 56D, EV 104.4 MPH)
Batting: RHB Donell Nixon 0-0: Ball
1-0: Ball
2-0: Fly out, F9 (Flyball, 9, EV 96.3 MPH)
Batting: LHB Barry Butera 0-0: Foul Ball, location: 2F
0-1: Fly out, F9 (Flyball, 9, EV 83.8 MPH)
Top of the 1st over - 0 runs, 0 hits, 0 errors, 0 left on base; Columbus 0 - Louisville 0
BOTTOM OF THE 1ST
Louisville Stallions batting - Pitching for Columbus Clippers : RHP Richard Renwick
Pitching: RHP Richard Renwick
Batting: SHB Harry Chappas 0-0: Called Strike
0-1: Swinging Strike
0-2: Ball
1-2: Ball
2-2: Ground out 4-3 (Groundball, 4, EV 110.6 MPH)
Batting: RHB Stephen Dembowski 0-0: Called Strike
0-1: Called Strike
0-2: Ball
1-2: Ball
2-2: Ball
3-2: Base on Balls
Batting: LHB Lawrence Grahek 0-0: Ball
1-0: Ball
2-0: Called Strike
2-1: Ball
Stephen Dembowski steals 2nd base
3-1: Base on Balls
Batting: RHB Devin Pike 0-0: Called Strike
0-1: SINGLE (Groundball, 6MD, EV 110.0 MPH)
Stephen Dembowski to third
Lawrence Grahek to second
Runner from 3rd tries for Home, SAFE, throw by CF to home
Batting: LHB Dave Haberle 0-0: Called Strike
0-1: Foul Ball, location: 2F
0-2: Strikes out swinging
Batting: LHB John Tucker 0-0: Swinging Strike
0-1: SINGLE (Groundball, 34D, EV 95.0 MPH)
Lawrence Grahek to third
Devin Pike to second
Runner from 3rd tries for Home, SAFE, throw by RF to home
Devin Pike to third
John Tucker to second
Batting: LHB Steven Mobberley 0-0: Fly out, F8 (Line Drive, 8RD, EV 90.0 MPH)
Bottom of the 1st over - 2 runs, 2 hits, 0 errors, 2 left on base; Columbus 0 - Louisville 2
TOP OF THE 2ND
Columbus Clippers batting - Pitching for Louisville Stallions : RHP Jerry Ujdur
Now at 2B: Kiko Garcia
Batting: LHB Jordan Medrano 0-0: Ball
1-0: Ball
2-0: Called Strike
2-1: Ball
3-1: Base on Balls
Batting: RHB Tracy Anderson 0-0: Ball
1-0: Swinging Strike
1-1: Ball
2-1: Foul Ball, location: 2F
2-2: Ball
3-2: Strikes out swinging
Batting: LHB Gene Gentile 0-0: Ball
1-0: Ball
2-0: Foul Ball, location: 2F
2-1: Swinging Strike
2-2: Fly out, F8 (Flyball, 8RM, EV 73.8 MPH)
Batting: LHB Arturo Blanco 0-0: Called Strike
0-1: Foul Ball, location: 2F
0-2: Strikes out swinging
Top of the 2nd over - 0 runs, 0 hits, 0 errors, 1 left on base; Columbus 0 - Louisville 2
BOTTOM OF THE 2ND
Louisville Stallions batting - Pitching for Columbus Clippers : RHP Richard Renwick
Batting: LHB Joe Lefebvre 0-0: SINGLE (Line Drive, 4M, EV 108.8 MPH)
Batting: RHB Tito Landrum 0-0: Fielders Choice at 2nd, 4-6 (Groundball, 4, EV 79.4 MPH)
Batting: SHB Harry Chappas 0-0: Ball
1-0: Called Strike
Tito Landrum steals 2nd base
1-1: Fly out, F4 (Popup, 4M, EV 56.9 MPH)
Batting: RHB Kiko Garcia 0-0: Ball
1-0: Ball
2-0: Called Strike
2-1: Foul Ball, location: 2F
2-2: Ball
3-2: Foul Ball, location: 7LSF, Error on foul ball, E7
3-2: Ground out U3 (Groundball, 3S, EV 83.8 MPH)
Bottom of the 2nd over - 0 runs, 1 hit, 1 error, 1 left on base; Columbus 0 - Louisville 2
TOP OF THE 3RD
Columbus Clippers batting - Pitching for Louisville Stallions : RHP Jerry Ujdur
Batting: RHB Randy Gomez 0-0: Ball
1-0: Ball
2-0: Fly out, F6 (Flyball, 5D, EV 90.0 MPH)
Batting: RHB Alex Rodriguez 0-0: Called Strike
0-1: Ground out 3-1 (Groundball, 34S, EV 88.8 MPH)
Batting: SHB Curt Wilkerson 0-0: Called Strike
0-1: Ball
1-1: Called Strike
1-2: Ball
2-2: Ball
3-2: Ground out 4-3 (Groundball, 4, EV 84.4 MPH)
Top of the 3rd over - 0 runs, 0 hits, 0 errors, 0 left on base; Columbus 0 - Louisville 2
BOTTOM OF THE 3RD
Louisville Stallions batting - Pitching for Columbus Clippers : RHP Richard Renwick
Batting: LHB Lawrence Grahek 0-0: Ball
1-0: Ball
2-0: Ball
3-0: Base on Balls
Batting: RHB Devin Pike 0-0: Ball
1-0: Called Strike
1-1: Fly out, F8 (Flyball, 8LD, EV 95.0 MPH)
Batting: LHB Dave Haberle 0-0: Ball
1-0: Called Strike
1-1: Swinging Strike
1-2: Strikes out looking
Batting: LHB John Tucker 0-0: Ball
1-0: Ball
2-0: Swinging Strike
2-1: Ball
3-1: Fielders Choice at 2nd, 6-4 (Groundball, 6, EV 84.4 MPH)
Bottom of the 3rd over - 0 runs, 0 hits, 0 errors, 1 left on base; Columbus 0 - Louisville 2
TOP OF THE 4TH
Columbus Clippers batting - Pitching for Louisville Stallions : RHP Jerry Ujdur
Batting: RHB Donell Nixon 0-0: SINGLE (Line Drive, 8RS, EV 106.9 MPH)
Batting: LHB Barry Butera 0-0: Ball
1-0: Called Strike
1-1: Fly out, F7 (Flyball, 7, EV 89.4 MPH)
Batting: LHB Jordan Medrano 0-0: Ball
1-0: Foul Ball, location: 2F
1-1: SINGLE (Line Drive, 7LS, EV 90.6 MPH)
Donell Nixon to second
Batting: RHB Tracy Anderson 0-0: Swinging Strike
0-1: Ball
1-1: Swinging Strike
1-2: Ball
2-2: Strikes out swinging
Batting: LHB Gene Gentile 0-0: Ball
1-0: Called Strike
1-1: Ball
2-1: Ball
3-1: Foul Ball, location: 2F
3-2: Base on Balls
Donell Nixon to third
Jordan Medrano to second
Batting: LHB Arturo Blanco 0-0: Called Strike
0-1: Ball
1-1: Fly out, F7 (Flyball, 7, EV 91.3 MPH)
Top of the 4th over - 0 runs, 2 hits, 0 errors, 3 left on base; Columbus 0 - Louisville 2
BOTTOM OF THE 4TH
Louisville Stallions batting - Pitching for Columbus Clippers : RHP Richard Renwick
Batting: LHB Steven Mobberley 0-0: Ball
1-0: Foul Ball, location: 2F
1-1: Called Strike
1-2: Foul Ball, location: 2F
1-2: Ball
2-2: Ball
3-2: Foul Ball, location: 2F
3-2: SINGLE (Line Drive, 8LS, EV 103.8 MPH)
Batting: LHB Joe Lefebvre 0-0: Called Strike
0-1: Foul Ball, location: 2F
0-2: Foul Ball, location: 2F
0-2: Ball
1-2: Ball
2-2: Foul Ball, location: 2F
2-2: Strikes out swinging
Batting: RHB Tito Landrum 0-0: Ball
1-0: Ball
2-0: Called Strike
2-1: Fielders Choice at 2nd, 6-4 (Groundball, 6M, EV 101.3 MPH)
Batting: SHB Harry Chappas 0-0: Fly out, F5 (Line Drive, 5, EV 66.3 MPH)
Bottom of the 4th over - 0 runs, 1 hit, 0 errors, 1 left on base; Columbus 0 - Louisville 2
TOP OF THE 5TH
Columbus Clippers batting - Pitching for Louisville Stallions : RHP Jerry Ujdur
Batting: RHB Randy Gomez 0-0: Fly out, F8 (Line Drive, 8LM, EV 101.9 MPH)
Batting: RHB Alex Rodriguez 0-0: Fly out, F8 (Flyball, 8LS, EV 88.8 MPH)
Batting: SHB Curt Wilkerson 0-0: Called Strike
0-1: SINGLE (Groundball, 34D, EV 106.3 MPH)
Batting: RHB Donell Nixon 0-0: Ball
1-0: Foul Ball, location: 2F
1-1: Ball
2-1: Ball
3-1: Base on Balls
Curt Wilkerson to second
Batting: LHB Barry Butera 0-0: Ball
1-0: Hit by Pitch
Curt Wilkerson to third
Donell Nixon to second
Batting: LHB Jordan Medrano 0-0: Called Strike
0-1: Ball
1-1: Foul Ball, location: 2F
1-2: Ball
2-2: Ball
3-2: Foul Ball, location: 2F
3-2: Base on Balls
Curt Wilkerson scores
Donell Nixon to third
Barry Butera to second
Batting: RHB Tracy Anderson 0-0: Ball
1-0: SINGLE (Line Drive, 6MD, EV 95.6 MPH)
Donell Nixon scores
Barry Butera to third
Jordan Medrano to second
Runner from 3rd tries for Home, SAFE, throw by CF to home
Batting: LHB Gene Gentile 0-0: Ball
1-0: Foul Ball, location: 2F
1-1: Foul Ball, location: 2F
1-2: Strikes out swinging
Top of the 5th over - 3 runs, 2 hits, 0 errors, 2 left on base; Columbus 3 - Louisville 2
BOTTOM OF THE 5TH
Louisville Stallions batting - Pitching for Columbus Clippers : RHP Richard Renwick
Batting: RHB Kiko Garcia 0-0: Ball
1-0: Ball
2-0: Called Strike
2-1: SINGLE (Flyball, 7S, EV 91.3 MPH)
Batting: LHB Lawrence Grahek 0-0: Ball
1-0: Foul Ball, location: 2F
1-1: Called Strike
1-2: Foul Ball, location: 2F
1-2: Ball
2-2: Fly out, F9 (Line Drive, 9, EV 95.0 MPH)
Batting: RHB Devin Pike 0-0: Ball
1-0: Fly out, F5 (Popup, 5F, EV 69.4 MPH)
Batting: LHB Dave Haberle 0-0: Called Strike
0-1: Reached on error, E6 (Groundball, 6, EV 88.8 MPH)
Kiko Garcia to second
Batting: LHB John Tucker 0-0: Ball
1-0: TRIPLE (Line Drive, 78XD, EV 108.1 MPH)
Kiko Garcia scores
Dave Haberle scores
Batting: LHB Steven Mobberley 0-0: Ground out 6-3 (Groundball, 6, EV 106.3 MPH)
Bottom of the 5th over - 2 runs, 2 hits, 1 error, 1 left on base; Columbus 3 - Louisville 4
TOP OF THE 6TH
Columbus Clippers batting - Pitching for Louisville Stallions : RHP Jerry Ujdur
Batting: LHB Arturo Blanco 0-0: Called Strike
0-1: Fly out, F3 (Line Drive, 3, EV 70.0 MPH)
Batting: RHB Randy Gomez 0-0: Foul Ball, location: 2F
0-1: Fly out, F9 (Flyball, 89M, EV 84.4 MPH)
Batting: RHB Alex Rodriguez 0-0: DOUBLE (Flyball, 7LM, EV 93.8 MPH)
Batting: SHB Curt Wilkerson 0-0: SINGLE (Groundball, 4MD, EV 93.8 MPH)
Alex Rodriguez to third
Runner from 3rd tries for Home, SAFE, throw by CF to home
Batting: RHB Donell Nixon 0-0: Called Strike
0-1: Fielders Choice at 2nd, U6 (Groundball, 6M, EV 91.9 MPH)
Top of the 6th over - 1 run, 2 hits, 0 errors, 1 left on base; Columbus 4 - Louisville 4
BOTTOM OF THE 6TH
Louisville Stallions batting - Pitching for Columbus Clippers : RHP Richard Renwick
Batting: LHB Joe Lefebvre 0-0: Ball
1-0: Called Strike
1-1: Ball
2-1: Ball
3-1: Called Strike
3-2: Ground out 6-3 (Groundball, 6M, EV 82.5 MPH)
Batting: RHB Tito Landrum 0-0: Ball
1-0: Foul Ball, location: 2F
1-1: Ball
2-1: Ball
3-1: Fly out, F8 (Flyball, 8LD, EV 101.9 MPH)
Batting: SHB Harry Chappas 0-0: Called Strike
0-1: SINGLE (Groundball, 4MD, EV 94.4 MPH)
Batting: RHB Kiko Garcia 0-0: Ball
1-0: Ball
Harry Chappas steals 2nd base
2-0: Foul Ball, location: 2F
2-1: Ground out 6-3 (Groundball, 6, EV 97.5 MPH)
Bottom of the 6th over - 0 runs, 1 hit, 0 errors, 1 left on base; Columbus 4 - Louisville 4
TOP OF THE 7TH
Columbus Clippers batting - Pitching for Louisville Stallions : RHP Jerry Ujdur
Batting: LHB Barry Butera 0-0: Ball
1-0: Foul Ball, location: 2F
1-1: Ground out 6-3 (Groundball, 6M, EV 103.1 MPH)
Batting: LHB Jordan Medrano 0-0: Ball
1-0: Called Strike
1-1: Ball
2-1: Ground out 4-3 (Groundball, 13, EV 83.8 MPH)
Batting: RHB Tracy Anderson 0-0: Swinging Strike
0-1: Ball
1-1: Called Strike
1-2: Foul Ball, location: 2F
1-2: Strikes out looking
Top of the 7th over - 0 runs, 0 hits, 0 errors, 0 left on base; Columbus 4 - Louisville 4
BOTTOM OF THE 7TH
Louisville Stallions batting - Pitching for Columbus Clippers : RHP Richard Renwick
Batting: LHB Lawrence Grahek 0-0: Ball
1-0: Ball
2-0: Ball
3-0: Called Strike
3-1: Foul Ball, location: 2F
3-2: Base on Balls
Batting: RHB Devin Pike 0-0: Fly out, F6 (Popup, 6, EV 65.0 MPH)
Batting: LHB Dave Haberle 0-0: Ball
1-0: Foul Ball, location: 2F
1-1: Ball
2-1: Ball
3-1: Base on Balls
Lawrence Grahek to second
Batting: LHB John Tucker 0-0: Swinging Strike
0-1: Ground out U3 (Groundball, 34S, EV 85.6 MPH)
Lawrence Grahek to third
Dave Haberle to second
Pitching: RHP Joseph Georger
Batting: LHB Steven Mobberley 0-0: Ball
Wild Pitch!
Lawrence Grahek scores
Dave Haberle to third
1-0: Ball
2-0: Ground out 5-3 (Groundball, 5S, EV 83.8 MPH)
Bottom of the 7th over - 1 run, 0 hits, 0 errors, 1 left on base; Columbus 4 - Louisville 5
TOP OF THE 8TH
Columbus Clippers batting - Pitching for Louisville Stallions : RHP Jerry Ujdur
Pitching: RHP Jeff Taylor
Batting: LHB Gene Gentile 0-0: Called Strike
0-1: Called Strike
0-2: Foul Ball, location: 2F
0-2: Ball
1-2: Ground out 6-3 (Groundball, 56, EV 82.5 MPH)
Batting: LHB Arturo Blanco 0-0: Ball
1-0: Ball
2-0: SINGLE (Groundball, 6S, EV 64.4 MPH) (infield hit)
Pinch Hitting: RHB Rod Allen 0-0: Called Strike
0-1: Ball
1-1: Ball
2-1: Ball
3-1: Foul Ball, location: 2F
3-2: Grounds into double play, 6-4-3 (Groundball, 6, EV 79.4 MPH)
Top of the 8th over - 0 runs, 1 hit, 0 errors, 0 left on base; Columbus 4 - Louisville 5
BOTTOM OF THE 8TH
Louisville Stallions batting - Pitching for Columbus Clippers : RHP Joseph Georger
Now at C: Denny Porter
Batting: LHB Joe Lefebvre 0-0: Ball
1-0: Called Strike
1-1: Ball
2-1: Ball
3-1: Base on Balls
Batting: RHB Tito Landrum 0-0: Ball
1-0: Bunt missed!
1-1: Bunt missed!
1-2: Strikes out looking
Batting: SHB Harry Chappas 0-0: Ball
1-0: Ball
2-0: Ball
3-0: Called Strike
3-1: Fielders Choice at 2nd, 4-6 (Groundball, 4, EV 76.3 MPH)
Batting: RHB Kiko Garcia 0-0: Ball
Harry Chappas steals 2nd base
1-0: Fly out, F9 (Line Drive, 9, EV 86.9 MPH)
Bottom of the 8th over - 0 runs, 0 hits, 0 errors, 1 left on base; Columbus 4 - Louisville 5
TOP OF THE 9TH
Columbus Clippers batting - Pitching for Louisville Stallions : RHP Jeff Taylor
Pitching: LHP Phil Nastu
Pinch Hitting: RHB Javier Leyva 0-0: Ground out 6-3 (Groundball, 56, EV 110.6 MPH)
Batting: SHB Curt Wilkerson 0-0: Foul Ball, location: 2F
0-1: Ball
1-1: Ball
2-1: Ground out 4-3 (Groundball, 4, EV 76.3 MPH)
Batting: RHB Donell Nixon 0-0: Ball
1-0: Ball
2-0: Foul Ball, location: 2F
2-1: Swinging Strike
2-2: Ball
3-2: Base on Balls
Batting: LHB Barry Butera 0-0: Ball
1-0: 2-RUN HOME RUN (Flyball, 9D, EV 100.6 MPH), Distance : 364 ft
Batting: LHB Jordan Medrano 0-0: Ball
1-0: Ground out 4-3 (Groundball, 4, EV 75.6 MPH)
Top of the 9th over - 2 runs, 1 hit, 0 errors, 0 left on base; Columbus 6 - Louisville 5
BOTTOM OF THE 9TH
Louisville Stallions batting - Pitching for Columbus Clippers : RHP Joseph Georger
Pitching: RHP Joe Cowley
Now at SS: Luis Aguayo
Now in RF: Javier Leyva
Batting: LHB Lawrence Grahek 0-0: Called Strike
0-1: Swinging Strike
0-2: Ground out 4-3 (Groundball, 4S, EV 87.5 MPH)
Batting: RHB Devin Pike 0-0: Called Strike
0-1: Ball
1-1: Ball
2-1: Ball
3-1: Base on Balls
Batting: LHB Dave Haberle 0-0: Ball
1-0: Ball
2-0: Called Strike
2-1: Ball
3-1: Base on Balls
Devin Pike to second
Batting: LHB John Tucker 0-0: Ball
1-0: Swinging Strike
1-1: Ball
2-1: Ball
3-1: Base on Balls
Devin Pike to third
Dave Haberle to second
Batting: LHB Steven Mobberley 0-0: Swinging Strike
0-1: Ball
1-1: Called Strike
1-2: Ball
2-2: Foul Ball, location: 2F
2-2: Single, Error in OF, E8, batter to second base (Groundball, 6MD, EV 96.3 MPH)
Devin Pike scores
Dave Haberle scores
Bottom of the 9th over - 2 runs, 1 hit, 1 error, 0 left on base; Columbus 6 - Louisville 7
Thursday, July 23rd, 2020 - OOTP Baseball 21.5 Build 71